3AAA
TORTOLITA DRUMMERS @ HIALEAH DODOS
09/03/2034
 
TOP OF THE 1ST
Tortolita Drummers batting - Pitching for Hialeah Dodos : RHP Carlos Garza
Pitching: RHP Carlos Garza
Batting: RHB Scotty Glenn 0-0: Ball
1-0: Foul Ball, location: 2F
1-1: Ball
2-1: Swinging Strike
2-2: Fly out, F8 (Flyball, 8LS)
Batting: RHB Otis Brewer 0-0: Ball
1-0: Ball
2-0: Foul Ball, location: 2F
2-1: Ball
3-1: Ground out 1-3 (Groundball, 13)
Batting: RHB Jesús Martínez 0-0: Foul Ball, location: 2F
0-1: Foul Ball, location: 2F
0-2: Ball
1-2: Foul Ball, location: 2F
1-2: Foul Ball, location: 2F
1-2: Fly out, F9 (Flyball, 89S)
Top of the 1st over - 0 runs, 0 hits, 0 errors, 0 left on base; Tortolita 0 - Hialeah 0
BOTTOM OF THE 1ST
Hialeah Dodos batting - Pitching for Tortolita Drummers : RHP Jack Buyse
Pitching: RHP Jack Buyse
Batting: SHB Luis Manuel Flores 0-0: Ball
1-0: Reached on error, E4 (Groundball, 4)
Batting: RHB Owen Cannon 0-0: Ball
1-0: Foul Ball, location: 2F
1-1: Ball
2-1: Ball
3-1: Grounds into double play, 6-4-3 (Groundball, 6)
Batting: RHB Jorge Salgado 0-0: Ball
1-0: Ball
2-0: Called Strike
2-1: Called Strike
2-2: Foul Ball, location: 2F
2-2: Foul Ball, location: 2F
2-2: Fly out, F8 (Flyball, 8RD)
Bottom of the 1st over - 0 runs, 0 hits, 1 error, 0 left on base; Tortolita 0 - Hialeah 0
TOP OF THE 2ND
Tortolita Drummers batting - Pitching for Hialeah Dodos : RHP Carlos Garza
Batting: LHB Glen Allen Mixon 0-0: Ball
1-0: Foul Ball, location: 2F
1-1: Called Strike
1-2: Foul Ball, location: 2F
1-2: DOUBLE (Flyball, 8LXD)
Batting: RHB Vincent Klein 0-0: Ball
1-0: Ball
2-0: Ground out 5-3 (Groundball, 56)
Batting: RHB Eisse Cals 0-0: Called Strike
0-1: Foul Ball, location: 2F
0-2: Foul Ball, location: 2F
0-2: Ball
1-2: Strikes out swinging
Batting: SHB Fernando Rincón 0-0: Called Strike
0-1: DOUBLE (Line Drive, 3D)
Glen Allen Mixon scores
Batting: RHB Tomás Costello 0-0: Ball
1-0: Called Strike
1-1: Foul Ball, location: 2F
1-2: Foul Ball, location: 2F
1-2: Ball
2-2: Strikes out swinging
Top of the 2nd over - 1 run, 2 hits, 0 errors, 1 left on base; Tortolita 1 - Hialeah 0
BOTTOM OF THE 2ND
Hialeah Dodos batting - Pitching for Tortolita Drummers : RHP Jack Buyse
Batting: RHB Clarence Weber 0-0: Fly out, F7 (Flyball, 78S)
Batting: LHB Errol Levick 0-0: Fly out, F4 (Popup, 34D)
Batting: SHB Javier Gonzáles 0-0: Swinging Strike
0-1: Ball
1-1: Swinging Strike
1-2: Foul Ball, location: 2F
1-2: Strikes out swinging
Bottom of the 2nd over - 0 runs, 0 hits, 0 errors, 0 left on base; Tortolita 1 - Hialeah 0
TOP OF THE 3RD
Tortolita Drummers batting - Pitching for Hialeah Dodos : RHP Carlos Garza
Batting: RHB Dave Sienna 0-0: Ball
1-0: Ball
2-0: Ball
3-0: Base on Balls
Batting: RHB Scotty Glenn 0-0: Foul Ball, location: 2F
0-1: Swinging Strike
0-2: Ball
Balk!
Dave Sienna to second
1-2: Foul Ball, location: 2F
1-2: Ball
2-2: Ball
3-2: Foul Ball, location: 2F
3-2: Foul Ball, location: 2F
3-2: Strikes out looking
Batting: RHB Otis Brewer 0-0: Called Strike
0-1: Ground out 6-3 (Groundball, 6)
Dave Sienna to third
Batting: RHB Jesús Martínez 0-0: Called Strike
0-1: Foul Ball, location: 2F
0-2: Fly out, F8 (Flyball, 8RD)
Top of the 3rd over - 0 runs, 0 hits, 0 errors, 1 left on base; Tortolita 1 - Hialeah 0
BOTTOM OF THE 3RD
Hialeah Dodos batting - Pitching for Tortolita Drummers : RHP Jack Buyse
Batting: RHB Jack Head 0-0: Called Strike
0-1: Foul Ball, location: 2F
0-2: Ball
1-2: Foul Ball, location: 2F
1-2: Strikes out looking
Batting: RHB Stephen McManus 0-0: Ball
1-0: Foul Ball, location: 2F
1-1: Ball
2-1: Called Strike
2-2: Ground out 6-3 (Groundball, 6)
Batting: RHB Robert Emmet Odlum 0-0: Called Strike
0-1: Foul Ball, location: 2F
0-2: Ball
1-2: Foul Ball, location: 2F
1-2: Ground out 3-1 (Groundball, 34)
Bottom of the 3rd over - 0 runs, 0 hits, 0 errors, 0 left on base; Tortolita 1 - Hialeah 0
TOP OF THE 4TH
Tortolita Drummers batting - Pitching for Hialeah Dodos : RHP Carlos Garza
Batting: LHB Glen Allen Mixon 0-0: Ball
1-0: Ball
2-0: Ball
3-0: Called Strike
3-1: Foul Ball, location: 2F
3-2: Foul Ball, location: 2F
3-2: DOUBLE (Flyball, 8RXD)
Batting: RHB Vincent Klein 0-0: Called Strike
0-1: Ball
1-1: Fly out, F8 (Flyball, 8LM)
Batting: RHB Eisse Cals 0-0: Foul Ball, location: 2F
0-1: Ball
1-1: SINGLE (Groundball, 6MD)
Glen Allen Mixon to third
Runner from 3rd tries for Home, SAFE, throw made home
Batting: SHB Fernando Rincón 0-0: Fly out, F9 (Flyball, 9LDF)
Batting: RHB Tomás Costello 0-0: Ball
1-0: Foul Ball, location: 2F
1-1: Ground out 1-3 (Groundball, P)
Top of the 4th over - 1 run, 2 hits, 0 errors, 1 left on base; Tortolita 2 - Hialeah 0
BOTTOM OF THE 4TH
Hialeah Dodos batting - Pitching for Tortolita Drummers : RHP Jack Buyse
Batting: SHB Luis Manuel Flores 0-0: Ball
1-0: Ground out U3 (Groundball, 34)
Batting: RHB Owen Cannon 0-0: Ball
1-0: Foul Ball, location: 2F
1-1: Ball
2-1: Ball
3-1: Base on Balls
Batting: RHB Jorge Salgado 0-0: Foul Ball, location: 2F
0-1: SINGLE (Groundball, 56S) (infield hit)
Owen Cannon to second
Batting: RHB Clarence Weber 0-0: Ball
1-0: Fielders Choice at 2nd, 3-6 (Groundball, 34)
Owen Cannon to third
Batting: LHB Errol Levick 0-0: Ball
1-0: Ball
2-0: Ball
3-0: Base on Balls
Clarence Weber to second
Batting: SHB Javier Gonzáles 0-0: Ball
1-0: Ball
2-0: Called Strike
2-1: Foul Ball, location: 2F
2-2: Fielders Choice at 2nd, U4 (Groundball, 4M)
Bottom of the 4th over - 0 runs, 1 hit, 0 errors, 3 left on base; Tortolita 2 - Hialeah 0
TOP OF THE 5TH
Tortolita Drummers batting - Pitching for Hialeah Dodos : RHP Carlos Garza
Batting: RHB Dave Sienna 0-0: Ball
1-0: Swinging Strike
1-1: Swinging Strike
1-2: Ball
2-2: Strikes out looking
Batting: RHB Scotty Glenn 0-0: Hit by Pitch
Batting: RHB Otis Brewer 0-0: Ball
Scotty Glenn steals 2nd base
1-0: Called Strike
1-1: Ball
2-1: Called Strike
2-2: Strikes out swinging
Batting: RHB Jesús Martínez 0-0: Ball
1-0: Ball
2-0: Ball
3-0: Called Strike
3-1: Foul Ball, location: 2F
3-2: Base on Balls
Batting: LHB Glen Allen Mixon 0-0: Called Strike
0-1: Foul Ball, location: 2F
0-2: Ball
1-2: Strikes out swinging
Top of the 5th over - 0 runs, 0 hits, 0 errors, 2 left on base; Tortolita 2 - Hialeah 0
BOTTOM OF THE 5TH
Hialeah Dodos batting - Pitching for Tortolita Drummers : RHP Jack Buyse
Batting: RHB Jack Head 0-0: Ball
1-0: Called Strike
1-1: Fly out, F7 (Flyball, 7)
Batting: RHB Stephen McManus 0-0: Called Strike
0-1: Ball
1-1: Foul Ball, location: 2F
1-2: Ground out 3-1 (Groundball, 34)
Batting: RHB Robert Emmet Odlum 0-0: Ball
1-0: Ground out 4-3 (Groundball, 4)
Bottom of the 5th over - 0 runs, 0 hits, 0 errors, 0 left on base; Tortolita 2 - Hialeah 0
TOP OF THE 6TH
Tortolita Drummers batting - Pitching for Hialeah Dodos : RHP Carlos Garza
Pitching: RHP Cisco Ortíz
Batting: RHB Vincent Klein 0-0: Ball
1-0: Swinging Strike
1-1: Ball
2-1: Foul Ball, location: 2F
2-2: Foul Ball, location: 2F
2-2: Strikes out swinging
Batting: RHB Eisse Cals 0-0: Ball
1-0: Called Strike
1-1: Fly out, F7 (Flyball, 7)
Batting: SHB Fernando Rincón 0-0: Called Strike
0-1: Swinging Strike
0-2: Ball
1-2: Ground out 6-3 (Groundball, 6)
Top of the 6th over - 0 runs, 0 hits, 0 errors, 0 left on base; Tortolita 2 - Hialeah 0
BOTTOM OF THE 6TH
Hialeah Dodos batting - Pitching for Tortolita Drummers : RHP Jack Buyse
Batting: SHB Luis Manuel Flores 0-0: Ball
1-0: Ground out 4-3 (Groundball, 4)
Batting: RHB Owen Cannon 0-0: Called Strike
0-1: Ball
1-1: Swinging Strike
1-2: Ball
2-2: Ball
3-2: Ground out U3 (Groundball, 34S)
Batting: RHB Jorge Salgado 0-0: Called Strike
0-1: Ball
1-1: Ball
2-1: Fly out, F8 (Flyball, 78S)
Bottom of the 6th over - 0 runs, 0 hits, 0 errors, 0 left on base; Tortolita 2 - Hialeah 0
TOP OF THE 7TH
Tortolita Drummers batting - Pitching for Hialeah Dodos : RHP Cisco Ortíz
Batting: RHB Tomás Costello 0-0: Called Strike
0-1: SINGLE (Groundball, 6) (infield hit)
Batting: RHB Dave Sienna 0-0: Called Strike
0-1: Called Strike
0-2: Ball
1-2: Ball
2-2: Ball
3-2: Foul Ball, location: 2F
3-2: Foul Ball, location: 2F
3-2: Base on Balls
Tomás Costello to second
Pinch Hitting: LHB Yannick Hendriksen 0-0: Swinging Strike
0-1: Ball
1-1: Ball
2-1: Bunted foul
2-2: Ball
3-2: Foul Ball, location: 2F
3-2: Ground out 5-3 (Groundball, 25)
Tomás Costello to third
Dave Sienna to second
Batting: RHB Otis Brewer 0-0: Fly out, F5 (Line Drive, 5)
Batting: RHB Jesús Martínez 0-0: Foul Ball, location: 2F
0-1: Foul Ball, location: 2F
0-2: Ball
1-2: Ball
2-2: Ball
3-2: Foul Ball, location: 2F
3-2: Base on Balls
Batting: LHB Glen Allen Mixon 0-0: Ground out U3 (Groundball, 3L)
Top of the 7th over - 0 runs, 1 hit, 0 errors, 3 left on base; Tortolita 2 - Hialeah 0
BOTTOM OF THE 7TH
Hialeah Dodos batting - Pitching for Tortolita Drummers : RHP Jack Buyse
Now in CF: Salvador Esparza
Batting: RHB Clarence Weber 0-0: Fly out, F6 (Line Drive, 6)
Batting: LHB Errol Levick 0-0: Called Strike
0-1: Called Strike
0-2: Strikes out swinging
Batting: SHB Javier Gonzáles 0-0: Ball
1-0: Fly out, F7 (Flyball, 7D)
Bottom of the 7th over - 0 runs, 0 hits, 0 errors, 0 left on base; Tortolita 2 - Hialeah 0
TOP OF THE 8TH
Tortolita Drummers batting - Pitching for Hialeah Dodos : RHP Cisco Ortíz
Batting: RHB Vincent Klein 0-0: Called Strike
0-1: Ball
1-1: Called Strike
1-2: Ball
2-2: Strikes out swinging
Batting: RHB Eisse Cals 0-0: Ground out 6-3 (Groundball, 6)
Batting: SHB Fernando Rincón 0-0: SINGLE (Flyball, 9S)
Batting: RHB Tomás Costello 0-0: Foul Ball, location: 2F
0-1: Foul Ball, location: 2F
0-2: Ball
1-2: SINGLE (Groundball, 6M) (infield hit)
Fernando Rincón to second
Pinch Hitting: RHB Rich Flannery 0-0: Fielders Choice at 2nd, 5-4 (Groundball, 56)
Top of the 8th over - 0 runs, 2 hits, 0 errors, 2 left on base; Tortolita 2 - Hialeah 0
BOTTOM OF THE 8TH
Hialeah Dodos batting - Pitching for Tortolita Drummers : RHP Jack Buyse
Now in RF: Vincent Vega
Batting: RHB Jack Head 0-0: Ball
1-0: Fly out, F6 (Popup, 6MS)
Batting: RHB Stephen McManus 0-0: Ball
1-0: Called Strike
1-1: Ground out U3 (Groundball, 34S)
Batting: RHB Robert Emmet Odlum 0-0: Ball
1-0: Ball
2-0: Ball
3-0: Called Strike
3-1: Fly out, F3 (Popup, 3F)
Bottom of the 8th over - 0 runs, 0 hits, 0 errors, 0 left on base; Tortolita 2 - Hialeah 0
TOP OF THE 9TH
Tortolita Drummers batting - Pitching for Hialeah Dodos : RHP Cisco Ortíz
Batting: RHB Salvador Esparza 0-0: Ball
1-0: Foul Ball, location: 2F
1-1: Called Strike
1-2: Fly out, F1 (Line Drive, 13)
Batting: RHB Otis Brewer 0-0: SOLO HOME RUN (Flyball, 7D), Distance : 387 ft
Batting: RHB Jesús Martínez 0-0: Ball
1-0: SINGLE (Line Drive, 5S)
Pitching: RHP Bartolo García
Batting: LHB Glen Allen Mixon 0-0: Called Strike
Jesús Martínez steals 2nd base
0-1: Fly out, F9 (Flyball, 9LMF)
Batting: RHB Vincent Klein 0-0: Fly out, F9 (Flyball, 9D)
Top of the 9th over - 1 run, 2 hits, 0 errors, 1 left on base; Tortolita 3 - Hialeah 0
BOTTOM OF THE 9TH
Hialeah Dodos batting - Pitching for Tortolita Drummers : RHP Jack Buyse
Batting: SHB Luis Manuel Flores 0-0: Ball
1-0: Called Strike
1-1: Foul Ball, location: 2F
1-2: Foul Ball, location: 2F
1-2: Foul Ball, location: 2F
1-2: Ball
2-2: Foul Ball, location: 2F
2-2: Ball
3-2: SINGLE (Groundball, 34D)
Pitching: RHP Briggs Bourgeois
Batting: RHB Owen Cannon 0-0: Called Strike
0-1: Ball
1-1: Foul Ball, location: 2F
1-2: SINGLE (Groundball, 15) (infield hit)
Luis Manuel Flores to second
Batting: RHB Jorge Salgado 0-0: Ball
1-0: Ball
2-0: Foul Ball, location: 2F
2-1: Fielders Choice at 2nd, 4-6 (Groundball, 4)
Luis Manuel Flores to third
Batting: RHB Clarence Weber 0-0: Foul Ball, location: 2F
0-1: Ball
1-1: Fly out, F7 (Flyball, 7LMF)
Runner from 3rd tags up, SCORES, no throw
Batting: LHB Errol Levick 0-0: Ball
1-0: Fly out, F5 (Popup, 56)
Bottom of the 9th over - 1 run, 2 hits, 0 errors, 1 left on base; Tortolita 3 - Hialeah 1
Friday, March 29th, 2019 - OOTP Baseball 18.8 Build 76